 Dungeon Crawl Stone Soup version 0.17.1-3-g152610e (console) character file.

1037 Sehdowjr the Thaumaturge (level 8, -2/41 HPs)
             Began as a Deep Elf Wizard on Mar 11, 2016.
             Slain by a river rat (10 damage)
             ... on level 5 of the Dungeon.
             The game lasted 00:46:41 (6388 turns).

Sehdowjr the Thaumaturge (Deep Elf Wizard)          Turns: 6388, Time: 00:46:42

Health: -2/41      AC:  2    Str:  4    XL:     8   Next: 4%
Magic:  20/31      EV: 12    Int: 26    God:
Gold:   261        SH:  0    Dex: 13    Spells: 5 memorised, 12 levels left

rFire  + . .     SeeInvis .     (no weapon)
rCold  . . .     Clarity  .     a - +0 robe
rNeg   . . .     SustAt   .     (no shield)
rPois  .         Gourm    .     b - +0 hat
rElec  .         Spirit   .     (no cloak)
rCorr  .         Warding  .     (no gloves)
rMut   .         Stasis   .     (no boots)
MR     .....                    (no amulet)
Stlth  +.........               s - ring of protection from fire
                                k - ring of magical power

@: very slightly contaminated, not resistant to hostile enchantments, very
unstealthy
A: no striking features
a: no special abilities


You were on level 5 of the Dungeon.
You were hungry.

You visited 1 branch of the dungeon, and saw 5 of its levels.
You also visited: Ossuary.

You collected 261 gold pieces.

Inventory:

Armour
 a - a +0 robe (worn)
 b - a +0 hat (worn)
Jewellery
 k - a ring of magical power (left hand)
 s - a ring of protection from fire (right hand)
Scrolls
 f - 3 scrolls of remove curse
 g - 4 scrolls of random uselessness
 j - 2 scrolls of recharging
 r - 6 scrolls of identify
Potions
 e - 3 potions of brilliance
 i - 9 potions of curing {unknown}
 l - 2 potions of poison {unknown}
 m - a potion of cancellation {unknown}
 n - a potion of agility {unknown}
 o - 2 potions of ambrosia {unknown}
 q - a potion of cure mutation {unknown}
Books
 c - a book of Minor Magic

   Spells                             Type                      Level
   a - Magic Dart                     Conjuration                  1
   b - Blink                          Translocation                2
   c - Call Imp                       Summoning                    2
   d - Repel Missiles                 Charms/Air                   2
   e - Slow                           Hexes                        2
   f - Conjure Flame                  Conjuration/Fire             3
   g - Mephitic Cloud                 Conjuration/Poison/Air       3
Comestibles
 d - 4 bread rations
 h - a meat ration


   Skills:
 - Level 2.5 Dodging
 - Level 2.7 Stealth
 + Level 8.3 Spellcasting
 + Level 4.8 Conjurations
 + Level 4.1 Charms
   Level 1.1 Summonings
 + Level 2.5 Translocations
 + Level 2.6 Fire Magic
 + Level 2.4 Air Magic
 + Level 2.5 Poison Magic


You had 12 spell levels left.
You knew the following spells:

 Your Spells              Type           Power        Failure   Level  Hunger
a - Magic Dart            Conj           ####         1%          1    None
b - Blink                 Tloc           N/A          2%          2    None
d - Mephitic Cloud        Conj/Pois/Air  ####....     6%          3    None
e - Conjure Flame         Conj/Fire      ####....     4%          3    None
m - Repel Missiles        Chrm/Air       ####..       2%          2    None


Dungeon Overview and Level Annotations

Branches:
Dungeon (5/15)
 Temple: D:4-7

Altars:

Shops:
D:5 %:


Message History

Casting: Magic Dart
Confirm with . or Enter, or press ? or * to list all spells.
Aiming: Magic Dart
Press: ? - help, Shift-Dir - straight line, f/p - river rat
Aim: a river rat The magic dart hits the river rat.
The river rat is moderately wounded.
The river rat bites you.
* * * LOW HITPOINT WARNING * * *
The river rat bites you.
* * * LOW HITPOINT WARNING * * *
Casting: Magic Dart
Confirm with . or Enter, or press ? or * to list all spells.
Aiming: Magic Dart
Press: ? - help, Shift-Dir - straight line, f/p - river rat
Aim: a river rat (moderately wounded)
The magic dart hits the river rat.
The river rat is severely wounded.
The river rat barely misses you. The river rat bites you!
You die...

### ### ##≈######≈##
#≈≈≈≈≈≈≈≈≈≈# #≈≈≈####≈≈≈#
##≈##≈≈##≈##
############≈#≈≈.≈#≈#######
#....#...#.#≈#≈≈≈≈#≈##....#
#....#...'##≈##rr##≈##....#
#....#...##≈≈≈#≈@#≈≈≈#....#
#....'..###≈≈≈#≈≈≈≈≈≈##...#
#...##..####†######≈###..#####
##..##..##.#.#.#.)###....##..##
##.............#..............#
#.........†....#.....##..##...#
#.......##.....##....##..##..##
#.......#########.........+..#
#........#.....##....##..#####


You could see 2 river rats.

Vanquished Creatures
  An ogre (D:5)
  A sky beast (D:5)
  A crocodile (D:5)
  Blork the orc (D:5)
  A crimson imp (D:5)
  2 orc priests
  4 orc wizards
  2 human zombies (Ossuary)
  A giant frog zombie (D:5)
  A centaur skeleton (D:5)
  A giant frog skeleton (D:4)
  4 hounds
  3 mummies
  7 adders
  A river rat (D:5)
  An adder zombie (Ossuary)
  2 oozes
  3 worms
  4 giant geckos
  15 orcs
  7 bats
  A giant cockroach (D:3)
  2 hobgoblins
  2 jackals (D:5)
  3 quokkas
  A giant newt (D:2)
  7 goblins
  2 goblin zombies
  12 hobgoblin zombies (Ossuary)
  2 jackal zombies (Ossuary)
  6 kobolds
  9 kobold zombies (Ossuary)
  9 orc zombies
  A quokka skeleton (D:4)
  9 rats
  A rat zombie (Ossuary)
130 creatures vanquished.

Notes
Turn   | Place    | Note
--------------------------------------------------------------
     0 | D:1      | Sehdowjr the Deep Elf Wizard began the quest for the Orb.
     0 | D:1      | Reached XP level 1. HP: 10/10 MP: 7/7
   385 | D:1      | Reached skill level 5 in Spellcasting
   580 | D:1      | Reached XP level 2. HP: 15/15 MP: 8/10
  1285 | D:2      | Reached XP level 3. HP: 16/19 MP: 12/12
  2053 | D:3      | Reached skill level 6 in Spellcasting
  2053 | D:3      | Reached XP level 4. HP: 24/24 MP: 14/14
  2482 | D:3      | Reached XP level 5. HP: 16/28 MP: 16/16
  2486 | D:3      | Learned a level 2 spell: Blink
  2489 | D:3      | Learned a level 2 spell: Repel Missiles
  2493 | D:3      | Learned a level 3 spell: Conjure Flame
  2497 | D:3      | Learned a level 3 spell: Mephitic Cloud
  2963 | D:4      | Reached skill level 7 in Spellcasting
  3044 | D:4      | Reached skill level 1 in Charms
  3804 | D:4      | Reached skill level 1 in Air Magic
  3809 | D:4      | Reached XP level 6. HP: 19/32 MP: 12/18
  4145 | D:5      | Entered Level 5 of the Dungeon
  4191 | D:5      | Found Putres's Book Emporium.
  4261 | D:5      | Reached skill level 1 in Fire Magic
  4261 | D:5      | Reached skill level 1 in Poison Magic
  4413 | D:5      | Reached XP level 7. HP: 34/36 MP: 1/20
  4676 | D:5      | Found a sand-covered staircase.
  4687 | Ossuary  | Entered an ossuary
  5714 | D:5      | Found Haullyfe's Food Boutique.
  5731 | D:5      | Reached skill level 8 in Spellcasting
  6015 | D:5      | Noticed Blork the orc
  6022 | D:5      | Killed Blork the orc
  6162 | D:5      | Reached XP level 8. HP: 41/41 MP: 22/22
  6388 | D:5      | Slain by a river rat

Action                   |  1- 3 |  4- 6 |  7- 9 || total
-------------------------+-------+-------+-------++-------
Melee: Unarmed           |       |       |     1 ||     1
 Cast: Magic Dart        |    95 |   150 |   208 ||   453
       Mephitic Cloud    |       |     1 |     1 ||     2
       Blink             |       |     1 |       ||     1
       Conjure Flame     |       |       |    12 ||    12
  Use: Potion            |     1 |     1 |       ||     2
       Scroll            |       |    10 |       ||    10
  Eat: Chunk             |     1 |     8 |     2 ||    11
       Beef jerky        |     1 |       |     1 ||     2
       Pizza             |       |       |     1 ||     1
